 Dungeon Crawl Stone Soup version 0.29-a0-330-g52719c12eb (webtiles) character file.

Game seed: 17734335019127781275

148 kae the Firebug (level 5, -6/33 HPs)
             Began as an Octopode Fire Elementalist on Apr 18, 2022.
             Mangled by a gnoll
             ... wielding a +0 halberd
              (13 damage)
             ... on level 3 of the Dungeon.
             The game lasted 00:02:48 (4183 turns).

kae the Firebug (Octopode Fire Elementalist)        Turns: 4183, Time: 00:02:48

Health: -6/33      AC:  1    Str:  7    XL:     5   Next: 30%
Magic:  1/8        EV: 11    Int: 20    God:
Gold:   239        SH:  0    Dex:  8    Spells: 3/9 levels left

rFire   . . .      SeeInvis .   d - +0 whip
rCold   . . .      Faith    .   (no shield)
rNeg    + + .      Spirit   .   (helmet restricted)
rPois   .          Reflect  .   (no amulet)
rElec   +          Harm     .   c - ring "Piruarie" {+Blink rElec rN++ EV+4 Dex-4}
rCorr   .          Rampage  .   (no ring)
Will    .....                   (no ring)
Stlth   +++.......              (no ring)
HPRegen 0.11/turn               (no ring)
MPRegen 0.11/turn               (no ring)
                                (no ring)
                                (no ring)

@: held
A: almost no armour, amphibious, 8 rings, camouflage 1, gelatinous body 1,
(nimble swimmer 1), tentacles
a: Evoke Blink


You were on level 3 of the Dungeon.
You visited 1 branch of the dungeon, and saw 3 of its levels.

You collected 239 gold pieces.

Inventory:

Hand Weapons
 d - a +0 whip (weapon)
Jewellery
 c - the ring "Piruarie" (left tentacle) {+Blink rElec rN++ EV+4 Dex-4}
   (You acquired it on level 2 of the Dungeon)

   [ring of evasion]

   EV:        It affects your evasion (+4).
   Dex:       It affects your dexterity (-4).
   rElec:     It insulates you from electricity.
   rN:        It greatly protects you from negative energy.
   +Blink:    It lets you blink.
 f - a ring of fire
Wands
 g - a wand of polymorph (7)
Scrolls
 e - 4 scrolls of teleportation
Potions
 a - a potion of magic
 b - 3 potions of ambrosia
 i - 2 potions of lignification
 j - a potion of degeneration {unknown}


   Skills:
 + Level 1.3 Fighting
 + Level 2.5 Dodging
 + Level 3.6 Stealth
 + Level 2.5 Spellcasting
 + Level 1.8 Conjurations
 * Level 4.2 Fire Magic
 + Level 0.4 Evocations


You had 3 spell levels left.
You knew the following spells:

 Your Spells              Type           Power      Damage    Failure   Level
a - Foxfire               Conj/Fire      56%        2x1d6     4%          1
b - Scorch                Fire           38%        2d6       4%          2
c - Conjure Flame         Conj/Fire      14%        6-21      13%         3

Your spell library contained the following spells:

 Spells                   Type           Power      Damage    Failure   Level
 Inner Flame              Hex/Fire       11%        N/A       19%         3
 Ensorcelled Hibernation  Hex/Ice        4%         N/A       22%         2
 Confusing Touch          Hex            2%         N/A       41%         3
 Ozocubu's Armour         Ice            2%         N/A       41%         3
 Flame Wave               Conj/Fire      14%        2d6       41%         4
 Yara's Violent Unravell  Hex/Tmut       1%         3d3       99%         5
 Enfeeble                 Hex            1%         N/A       100%        7
 Ozocubu's Refrigeration  Ice            1%         4d5       100%        7


Dungeon Overview and Level Annotations

Branches:
Dungeon (3/15)

Altars:
Nemelex Xobeh
Trog


Innate Abilities, Weirdness & Mutations

You cannot wear most types of armour.
You are amphibious.
You can wear up to eight rings at the same time.
Your skin changes colour to match your surroundings (Stealth+).
Your rubbery body absorbs attacks. (AC +1, EV +1)
((You are camouflaged when in or above water. (Stealth+)))
You have tentacles for arms and can constrict up to eight enemies at once.


Message History

Flames lash the gnoll.
The gnoll is burned terribly!
You kill the gnoll!
You hear a shout!
Casting: Scorch (safe; 4% risk of failure)
Confirm with . or Enter, or press ? or * to list all spells.
You can't see any susceptible monsters within range! (Use Z to cast anyway.)
A gnoll is nearby!
Casting: Scorch (safe; 4% risk of failure)
Confirm with . or Enter, or press ? or * to list all spells.
You conjure some foxfire!
The gnoll shouts!
You hear a shout!
The foxfire hits the gnoll.
The gnoll is moderately wounded.
The foxfire hits the gnoll but does no damage.
The gnoll is moderately wounded.
The gnoll throws a throwing net.
The throwing net hits you.
You become entangled in the net!
Casting: Foxfire (safe; 4% risk of failure)
Confirm with . or Enter, or press ? or * to list all spells.
You conjure some foxfire!
The foxfire hits the gnoll.
The gnoll is heavily wounded.
The foxfire hits the gnoll.
The gnoll is severely wounded.
Your magical contamination has completely faded away.
You struggle against the net.
The gnoll hits you from afar with a +0 halberd!
You struggle against the net.
The gnoll barely misses you.
You struggle against the net.
The gnoll hits you from afar with a +0 halberd!
As you read the scroll of teleportation, it crumbles to dust.
You feel strangely unstable.
A gnoll comes into view. It is wielding a +0 flail.
The gnoll hits you from afar with a +0 halberd!
* * * LOW HITPOINT WARNING * * *
It was a potion of cancellation.
You feel strangely stable.
You feel magically purged.
The gnoll hits you from afar with a +0 halberd!
You die...

#...#.....#.##.# #.#######.# #
###.#..........# #.........# #
#v#.......#### ########### #
#<#.....### # #§###.#.# # #§#
#.#.# # #o# #.#.# #
#g###.#.###### #
#g#.........@# #
#.#..##.####.# #K#..##.# #g#
#.#..>..# #.#
##.#..⌠.⌠####g###
#..#..._.....)..#
#.##..⌠.⌠.###.^.###
#.##..#.#.#..<....####
#K##..#...#..........#########


You could see 2 gnolls.

Vanquished Creatures
  A jelly (D:3)
  4 adders (D:2)
  A gnoll (D:3)
  4 worms (D:2)
  2 dart slugs
  3 orcs (D:3)
  3 endoplasms
  A giant cockroach (D:1)
  3 goblins (D:1)
  6 hobgoblins
  2 jackals (D:2)
  A quokka (D:2)
  6 ball pythons
  5 bats
  A frilled lizard (D:1)
  4 kobolds
  6 rats
53 creatures vanquished.

Vanquished Creatures (others)
  191 foxfires
191 creatures vanquished.

Grand Total: 244 creatures vanquished

Notes
Turn   | Place    | Note
-------+----------+-------------------------------------------
     0 | D:1      | kae the Octopode Fire Elementalist began the quest for the
                  | Orb.
     0 | D:1      | Reached XP level 1. HP: 11/11 MP: 3/3
   297 | D:1      | Reached XP level 2. HP: 9/17 MP: 1/5
   578 | D:1      | Found a faded altar of an unknown god.
  1025 | D:1      | Got the Volume of Bewitchment
  1440 | D:2      | Reached XP level 3. HP: 14/22 MP: 1/6
  2307 | D:2      | Reached skill level 1 in Fighting
  2313 | D:2      | Reached XP level 4. HP: 23/28 MP: 2/7
  2621 | D:2      | Found a bloodstained altar of Trog.
  2953 | D:2      | Identified a scroll of acquirement
  2953 | D:2      | Acquired the ring "Piruarie" {+Blink rElec rN++ EV+4 Dex-4}
  3309 | D:3      | Reached skill level 4 in Fire Magic
  3474 | D:2      | Learned a level 2 spell: Scorch
  3478 | D:2      | Learned a level 3 spell: Conjure Flame
  3704 | D:3      | Found a sparkling altar of Nemelex Xobeh.
  3743 | D:3      | Reached XP level 5. HP: 26/33 MP: 1/8
  4183 | D:3      | Mangled by a gnoll

Illustrated notes

Levels and vault maps discovered:
D:1:      minmay_arrival_four_loops, layout_basic,
          nicolae_ecumenical_snake_handling
D:2:      layout_basic, basic_altar, nicolae_wormholes
D:3:      layout_loops_ring, nemelex_xobeh_ov_fountains_minmay

Skill      XL: |  1  2  3  4 |
---------------+-------------+-----
Stealth        | 3 |  3.6
Fighting       | 1 |  1.3
Fire Magic     | 4 |  4.2
Dodging        | |  2.5
Spellcasting   | |  2.5
Conjurations   | |  1.8
Evocations     | |  0.4

Action                   |  1- 3 |  4- 6 || total
-------------------------+-------+-------++-------
Melee: Whip              |    21 |     9 ||    30
       Tentacles         |     8 |     3 ||    11
       Constrict         |     5 |     5 ||    10
 Cast: Foxfire           |    76 |    49 ||   125
       Scorch            |       |     7 ||     7
  Use: Potion            |     1 |     2 ||     3
       Scroll            |       |     7 ||     7
 Stab: Sleeping          |       |     1 ||     1
Armor: Skin              |    22 |     3 ||    25
Dodge: Dodged            |    29 |    15 ||    44

Table legend: (Time is in decaauts)
 A = Elapsed time spent in this place.
 B = Non-inter-level travel time spent in this place.
 C = Inter-level travel time spent in this place.
 D = Time resting spent in this place.
 E = Time spent auto-exploring this place.
 F = Levels seen in this place.
 G = Mean time per level.
                   A        B        C        D        E       F      G
               +--------+--------+--------+--------+--------+-----+--------+
         Total |   4168 |   4049 |    119 |    116 |   3440 |   3 | 1389.3 |
       Dungeon |   4168 |   4049 |    119 |    116 |   3440 |   3 | 1389.3 |
               +--------+--------+--------+--------+--------+-----+--------+

Top non-repeatable levels by time:
     D:2: 2009 daAuts
     D:1: 1459 daAuts
     D:3: 700 daAuts
